 Dungeon Crawl Stone Soup version 0.27.1-34-g3ba077fa99 (webtiles) character file.

Game seed: 8624304624582685478

1 cyrus the Caller (level 1, -1/7 HPs)
             Began as a Felid Summoner on Jan 24, 2022.
             Slain by a jackal (2 damage)
             ... on level 1 of the Dungeon.
             The game lasted 00:01:19 (246 turns).

cyrus the Caller (Felid Summoner)                    Turns: 246, Time: 00:01:20

Health: -1/7       AC:  1    Str:  4    XL:     1   Next: 16%
Magic:  4/4        EV: 17    Int: 16    God:
Gold:   6          SH:  0    Dex: 16    Spells: 3/4 levels left
                                        Lives:  0   Deaths: 0

rFire    . . .     SeeInvis +   (weapon unavailable)
rCold    . . .     Faith    .   (shield unavailable)
rNeg     . . .     Spirit   .   (armour unavailable)
rPois    .         Reflect  .   (helmet unavailable)
rElec    .         Harm     .   (cloak unavailable)
rCorr    .         Rampage  .   (gloves unavailable)
Will     .....                  (boots unavailable)
Stlth    ++........             (no amulet)
HPRegen  0.02/turn              (no ring)
MPRegen  0.09/turn              (no ring)

@: quick
A: very small, claws 1, fangs 3, see invisible, speed 1, shaggy fur 1, stealthy
paws, no weapons or thrown items, no armour, multi-lived
a: no special abilities


You were on level 1 of the Dungeon.
You visited 1 branch of the dungeon, and saw 1 of its levels.

You collected 6 gold pieces.

Inventory:

Hand Weapons
 a - a +0 mace {snake}


   Skills:
 + Level 2.6 Dodging
 + Level 2.6 Stealth
 + Level 2.0 Spellcasting
 + Level 4.0 Summonings


You had 3 spell levels left.
You knew the following spells:

 Your Spells              Type           Power      Damage    Failure   Level
a - Summon Small Mammal   Summ           56%        N/A       4%          1

Your spell library contained the following spells:

 Spells                   Type           Power      Damage    Failure   Level
 Call Imp                 Summ           14%        N/A       6%          2
 Call Canine Familiar     Summ           14%        N/A       12%         3
 Summon Guardian Golem    Hex/Summ       8%         N/A       26%         3
 Summon Lightning Spire   Summ/Air       8%         N/A       65%         4


Dungeon Overview and Level Annotations

Branches:
Dungeon (1/15)

Altars:


Innate Abilities, Weirdness & Mutations

You have sharp claws.
You have razor-sharp teeth.
You have supernaturally acute eyesight. (SInv)
You cover ground quickly. (Speed+)
You are covered in fur. (AC +1)
Your paws help you pounce on unaware monsters.
You are incapable of wielding weapons or throwing items.
You cannot wear armour.
You gain extra lives every three experience levels.


Message History

The jackal is almost dead.
Your bat hits the jackal. Your bat hits the hobgoblin.
The jackal barely misses you.
You closely miss the jackal.
The jackal is lightly wounded.
The jackal bites you but does no damage.
The jackal closely misses you.
Your bat closely misses the hobgoblin.
The jackal bites you.
You closely miss the jackal. Your bite misses the jackal.
Your bat closely misses the hobgoblin. x2; The jackal closely misses you.
The jackal misses you. The jackal closely misses you.
You scratch the jackal.
The jackal is moderately wounded.
Your bat hits the jackal. The jackal closely misses you.
The jackal barely misses you.
You closely miss the jackal.
The jackal is moderately wounded.
Your bat hits the jackal but does no damage.
The jackal misses you. The jackal bites your bat.
Your bat dies!
Your bat's corpse disappears in a puff of smoke!
You barely miss the jackal.
The jackal is heavily wounded.
The jackal bites you.
* * * LOW HITPOINT WARNING * * *
The jackal misses you.
You barely miss the jackal.
The jackal is heavily wounded.
The jackal completely misses you. x2; The jackal closely misses you.
You closely miss the jackal.
The jackal is heavily wounded.
The jackal closely misses you. The jackal barely misses you.
The jackal closely misses you.
You barely miss the jackal.
The jackal is heavily wounded.
The jackal misses you. The jackal completely misses you.
You closely miss the jackal.
The jackal is heavily wounded.
The jackal bites you.
You die...

.....≈≈≈≈.≈..#
§≈≈≈..####..≈≈≈≈..##
§§§.# ##......####
#.#.# #.##...#.g.
##...## ##........##
.....####....#.##.#
#...........#....#
#h###.........#.##
#@hhhg.....##.#...
#####...........##
#.#...###.###
#.##.## #.# #b##.#
#.# ..##.# ..#
####.# .## #.# #.
S.# #.


You could see 4 jackals and a hobgoblin.

Vanquished Creatures (collateral kills)
  An endoplasm (D:1)
1 creature vanquished.

Notes
Turn   | Place    | Note
-------+----------+-------------------------------------------
     0 | D:1      | cyrus the Felid Summoner began the quest for the Orb.
     0 | D:1      | Reached XP level 1. HP: 7/7 MP: 4/4
   246 | D:1      | Slain by a jackal

Illustrated notes

Levels and vault maps discovered:
D:1:      dpeg_arrival_pits, layout_loops_ring, ebering_ecumenical_altar_rust,
          minmay_misc_feat_pillars, st_stairs_12, serial_bayou_lagoon_a,
          minmay_domino_4

Action                   || total
-------------------------++-------
Melee: Unarmed           ||    15
 Cast: Summon Small Mamm ||     2
 Stab: Sleeping          ||     1
Armor: Skin              ||     1
Dodge: Dodged            ||    30
